 Dungeon Crawl Stone Soup version 0.28.0-43-g3370ac3207 (webtiles) character file.

Game seed: 7276506858536534129

184 nickcage the Chiller (level 5, -5/28 HPs)
             Began as a Gargoyle Ice Elementalist on Mar 24, 2022.
             Slain by Edmund
             ... wielding a +0 vorpal flail
              (6 damage)
             ... on level 4 of the Dungeon.
             The game lasted 00:10:07 (3604 turns).

nickcage the Chiller (Gargoyle Ice Elementalist)    Turns: 3604, Time: 00:10:07

Health: -5/28      AC:  6    Str: 17    XL:     5   Next: 64%
Magic:  0/8        EV: 11    Int: 18    God:
Gold:   166        SH:  0    Dex: 10    Spells: 1/8 levels left

rFire   . . .      SeeInvis .   e - +0 flail
rCold   . . .      Faith    .   (no shield)
rNeg    + . .      Spirit   .   a - +0 robe
rPois   ∞          Reflect  .   (no helmet)
rElec   +          Harm     .   (no cloak)
rCorr   .          Rampage  .   (no gloves)
Will    +....                   (no boots)
Stlth   ++........              (no amulet)
HPRegen 0.09/turn               k - ring "Toxet" {rPois Will+ Str+6}
MPRegen 0.11/turn               (no ring)

@: freezing walls
A: sickness immunity, AC +4, negative energy resistance 1, electricity
resistance, torment resistance 1, petrification resistance
a: no special abilities


You were on level 4 of the Dungeon.
You visited 1 branch of the dungeon, and saw 4 of its levels.

You collected 166 gold pieces.

Inventory:

Hand Weapons
 b - a +0 club
 e - a +0 flail (weapon)
Armour
 a - a +0 robe (worn)
 l - a +2 helmet
Jewellery
 k - the ring "Toxet" (left hand) {rPois Will+ Str+6}
   (You took it off a kobold on level 2 of the Dungeon)

   [ring of strength]

   Str:       It affects your strength (+6).
   rPois:     It protects you from poison.
   Will:      It increases your willpower.
Wands
 n - a wand of mindburst (11)
Scrolls
 d - 2 scrolls of enchant weapon {unknown}
 f - a scroll of fog
 j - a scroll of identify
 m - a scroll of immolation
 o - a scroll of silence {unknown}
Potions
 c - a potion of curing
 g - 2 potions of attraction
 h - a potion of flight
 i - 2 potions of degeneration


   Skills:
 - Level 1.0 Maces & Flails
 - Level 1.5 Dodging
 - Level 2.1 Stealth
 - Level 2.0 Spellcasting
 + Level 6.6 Ice Magic


You had one spell level left.
You knew the following spells:

 Your Spells              Type           Power      Damage    Failure   Level
a - Freeze                Ice            100%       1d11      1%          1
b - Frozen Ramparts       Ice            50%        1d7       3%          3
c - Ozocubu's Armour      Ice            25%        N/A       3%          3

Your spell library contained the following spells:

 Spells                   Type           Power      Damage    Failure   Level
 Slow                     Hex            4%         N/A       19%         1
 Hailstorm                Conj/Ice       13%        3d5       43%         4
 Confusing Touch          Hex            1%         N/A       47%         3
 Vampiric Draining        Necr           1%         2d6       47%         3
 Dispersal                Tloc           0%         N/A       100%        6
 Malign Gateway           Summ/Tloc      0%         N/A       100%        7
 Disjunction              Tloc           0%         N/A       100%        8
 Summon Horrible Things   Summ           0%         N/A       100%        8


Dungeon Overview and Level Annotations

Branches:
Dungeon (4/15)
 Temple: D:4-7

Altars:
Okawaru
Vehumet
Wu Jian

Annotations:
D:4 Edmund


Innate Abilities, Weirdness & Mutations

You are immune to sickness and miasma.
Your stone body is resilient. (AC +4)
You are immune to poison.
You resist negative energy. (rN+)
You are resistant to electric shocks. (rElec)
You are resistant to unholy torment.
You are immune to petrification.


Message History

You can't see any susceptible monsters within range! (Use Z to cast anyway.)
Casting: Ozocubu's Armour (dangerous; 3% risk of failure)
Confirm with . or Enter, or press ? or * to list all spells.
Casting: Frozen Ramparts (dangerous; 3% risk of failure)
Press: ? - help, Dir - look around, f - activate The walls around you are covered in ice.
Casting: Frozen Ramparts (dangerous; 3% risk of failure)
Confirm with . or Enter, or press ? or * to list all spells.
A film of ice covers your body!
Unknown command.
Your icy armour cracks and falls away as you move.
The frozen ramparts melt away as you move.
There is an open door here.
Casting: Ozocubu's Armour (dangerous; 3% risk of failure)
Confirm with . or Enter, or press ? or * to list all spells.
Casting: Frozen Ramparts (dangerous; 3% risk of failure)
Press: ? - help, Dir - look around, f - activate The walls around you are covered in ice.
The wall freezes Edmund.
You closely miss Edmund.
Edmund is lightly wounded.
The wall freezes Edmund.
Edmund barely misses you.
You barely miss Edmund.
Edmund is lightly wounded.
The wall freezes Edmund.
Edmund hits you with a +0 vorpal flail.
You hit Edmund.
Edmund is moderately wounded.
The wall freezes Edmund.
Edmund hits you with a +0 vorpal flail!
The wall freezes Edmund.
Edmund hits you with a +0 vorpal flail!
* * * LOW HITPOINT WARNING * * *
x2 Your frozen ramparts will break if you move.
Continue?
Okay, then.
You are too injured to fight recklessly!
Aiming: Freeze (safe; 1% risk of failure)
Press: ? - help, Q - select action, (/) - cycle Shift-Dir - straight line, f - Edmund
Aim: Edmund, wielding a +0 vorpal flail and wearing a +0 scale mail (moderately wounded)
You freeze Edmund.
Edmund is heavily wounded.
The wall freezes Edmund!
Edmund hits you with a +0 vorpal flail.
You die...

###.#.#.## # #...#.#..#.#
####...#.##.#.#
###########..'...'......#
............##...#.##.#.##.##
##########..####.#.†........#
##########..# #.####.#.##..
............# #.#.......#
##########..# #@@...........
......# #.#######.###..#####
......####........... ...
##......##.#........##....
........####........# .....
#.......##.#....... # ......
........'[.#.......
#.......##.#.......
#.......##.########


You could see Edmund.

Vanquished Creatures
  Jessica (D:3)
  Ijyb (D:3)
  4 gnolls (D:4)
  A howler monkey skeleton (D:4)
  3 adders
  2 dart slugs
  4 ball pythons
  5 bats
  6 endoplasms
  3 giant cockroaches (D:1)
  6 goblins
  5 hobgoblins
  4 kobolds
  6 quokkas
  5 rats
56 creatures vanquished.

Notes
Turn   | Place    | Note
-------+----------+-------------------------------------------
     0 | D:1      | nickcage the Gargoyle Ice Elementalist began the quest for
                  | the Orb.
     0 | D:1      | Reached XP level 1. HP: 10/10 MP: 3/3
   183 | D:1      | Reached XP level 2. HP: 15/15 MP: 3/5
   624 | D:1      | Reached XP level 3. HP: 19/19 MP: 2/6
   628 | D:1      | Learned a level 3 spell: Frozen Ramparts
   828 | D:1      | Reached skill level 5 in Ice Magic
  1628 | D:2      | Identified the ring "Toxet" {rPois Will+ Str+6}
  1682 | D:2      | Reached XP level 4. HP: 24/24 MP: 5/7
  2046 | D:3      | Noticed Jessica
  2051 | D:3      | Killed Jessica
  2155 | D:3      | Found a faded altar of an unknown god.
  2399 | D:3      | Noticed Ijyb
  2407 | D:3      | Killed Ijyb
  2408 | D:3      | Reached skill level 6 in Ice Magic
  2408 | D:3      | Reached XP level 5. HP: 9/28 MP: 1/8
  2620 | D:3      | Learned a level 3 spell: Ozocubu's Armour
  3000 | D:4      | Reached skill level 1 in Maces & Flails
  3158 | D:4      | Found an ornate altar of the Wu Jian Council.
  3305 | D:4      | Identified the +0 chain mail of Midsummer {-Cast Regen+
                  | Str+5 SInv}
  3309 | D:4      | Found an iron altar of Okawaru.
  3309 | D:4      | Found a radiant altar of Vehumet.
  3522 | D:4      | Noticed Edmund
  3603 | D:4      | HP: 1/28 [Edmund/+0 vorpal flail (2)]
  3604 | D:4      | Slain by Edmund

Illustrated notes

Levels and vault maps discovered:
D:1:      ebering_trefoil_3fold, layout_loops_ring, minmay_heptomino_d4
D:2:      layout_basic, minmay_crystal_water
D:3:      layout_basic, ebering_ecumenical_altar_webs, moated_statue,
          kennysheep_jessica_study, uniq_jessica, uniq_ijyb
D:4:      layout_basic, makhleb_blood_cavern_becter, lemuel_doored_altar,
          nicolae_overflow_hidden_temple, uniq_edmund, uniq_eustachio

Skill      XL: |  1  2  3  4  5 |
---------------+----------------+-----
Ice Magic      | 5 6 |  6.6
Maces & Flails | 1 |  1.0
Dodging        | |  1.5
Stealth        | |  2.1
Spellcasting   | |  2.0

Action                   |  1- 3 |  4- 6 || total
-------------------------+-------+-------++-------
Melee: Club              |    22 |       ||    22
       Flail             |     6 |    23 ||    29
       Punch             |     1 |       ||     1
 Cast: Freeze            |    52 |    20 ||    72
       Frozen Ramparts   |       |     4 ||     4
       Ozocubu's Armour  |       |     3 ||     3
  Use: Scroll            |       |     8 ||     8
 Stab: Sleeping          |     2 |     2 ||     4
Armor: Robe              |    19 |    11 ||    30
Dodge: Dodged            |    40 |    18 ||    58
